Map: Void Launch

Players

LilArrin

  • Race: Terran Terran
  • Spawn Location: 6:00

LilArrin

  • Race: Protoss Protoss
  • Spawn Location: 6:00

VOD

Have the link to the VOD?

Description

Time

  • Played on: Jan. 23, 2018, 1:40 a.m.
  • Length: 24:29
Show
View Real Time Build Order
Export as new Build Order

LilArrin Terran 

Build Orders:  

Get SALT Encoding   

  12  0:03  SCV  
  13  0:20  SCV  
  14  0:35  Supply Depot  
  14  0:37  SCV  
  15  0:53  SCV  
  16  1:10  SCV  
  17  1:25  Command Center  
  17  1:28  SCV  
  18  1:45  SCV  
  19  1:50  Barracks  
  19  2:02  SCV  
  20  2:23  Orbital Command  
  20  2:47  Command Center  
  20  2:59  SCV  
  21  3:05  Orbital Command  
  21  3:13  Refinery  
  21  3:16  SCV  
  22  3:24  Refinery  
  22  3:33  SCV  
  22  3:38  Barracks  
  23  3:47  SCV  
  24  3:52  Barracks  
  24  3:53  SCV  
  25  4:00  Barracks Tech Lab  
  25  4:05  SCV  
  26  4:15  SCV  
  26  4:18  Orbital Command  
  27  4:22  SCV  
  27  4:28  Orbital Command  
  27  4:29  Factory  
  28  4:41  Engineering Bay  
  28  4:43  Barracks Reactor  
  28  4:46  SCV  
  28  4:48  Combat Shields  
  29  4:51  Supply Depot  
  29  4:54  SCV  
  29  4:59  Barracks Reactor  
  30  5:03  SCV  
  30  5:07  Marine  
  31  5:17  Marine  
  32  5:27  Marine  
  33  5:39  Factory Tech Lab  
  34  5:52  Marine x2  
  34  5:54  SCV x2  
  34  5:55  Marine x2  
  34  5:56  Medic  
  42  6:02  Marine  
  42  6:05  SCV  
  42  6:06  Medic, Supply Depot  
  46  6:10  Supply Depot  
  46  6:11  SCV x2  
  46  6:15  Marine x3  
  46  6:17  Vulture  
  51  6:21  Replenishable Magazine, Marine x2  
  51  6:22  SCV  
  51  6:25  Marine x2  
  51  6:27  Terran Infantry Weapons Level 1, Vulture  
  58  6:30  Marine  
  58  6:37  Vulture  
  61  6:44  Marine, SCV x2  
  61  6:47  Supply Depot  
  61  6:48  Vulture  
  61  6:49  Supply Depot  
  66  6:58  Marine, Vulture  
  68  7:08  Vulture  
  68  7:09  Marine x2  
  71  7:10  Marine x2  
  71  7:15  SCV x2  
  71  7:18  Vulture  
  71  7:19  Supply Depot, Marine x2  
  79  7:21  Cerberus Mines  
  79  7:23  Marine x2  
  79  7:28  Vulture  
  79  7:29  Medic  
  84  7:34  Marine x2  
  84  7:39  Medic  
  90  7:43  Marine  
  90  7:53  Marine  
  90  7:54  Marine  
  90  7:56  Marine  
  90  7:57  Marine x2  
  93  8:02  Stabilizer Medpacks  
  93  8:04  Marine  
  93  8:08  Supply Depot  
  93  8:09  Marine x3  
  94  8:10  Medic, Supply Depot  
  94  8:11  Supply Depot  
  94  8:14  Marine  
  94  8:19  Marine x2  
  96  8:20  Marine x2  
  96  8:24  Marine  
  98  8:30  Marine  
  98  8:32  Marine x2  
  98  8:34  Supply Depot  
  101  8:41  Vulture  
  101  8:48  Marine  
  101  8:49  Marine  
  103  8:54  Medic  
  103  8:55  Supply Depot  
  107  9:02  Marine  
  107  9:05  Marine x2  
  107  9:07  Terran Infantry Armor Level 1  
  107  9:08  Marine  
  107  9:09  Marine  
  111  9:20  Marine x2  
  111  9:22  Marine  
  111  9:28  Marine  
  114  9:33  Marine  
  114  9:34  Marine  
  114  9:35  Marine x2  
  118  9:46  Marine  
  118  9:50  Marine x2  
  120  10:05  Marine x2  
  118  10:34  Marine x2  
  118  10:35  Medic  
  115  10:44  Marine  
  115  10:48  Medic, Marine x3  
  109  10:54  Marine  
  109  10:58  Marine x3  
  112  11:05  Barracks, Vulture  
  112  11:07  Marine  
  112  11:08  Marine x2  
  111  11:13  Marine x2  
  111  11:18  Medic  
  112  11:21  Marine x2  
  112  11:23  Marine  
  112  11:28  Medic  
  117  11:39  Marauder  
  115  11:40  Marine  
  115  11:41  Marine  
  115  11:45  Barracks Tech Lab  
  119  11:50  Marine x2  
  119  11:51  Medic  
  119  11:54  Marine x2  
  125  12:01  Medic  
  125  12:03  Marine x2  
  125  12:04  Marine  
  130  12:12  Marauder, Marine  
  130  12:13  Marine  
  130  12:16  Marine  
  130  12:17  Marine  
  134  12:23  Medic, Marine  
  134  12:24  Medic  
  134  12:27  Marine x2  
  137  12:33  Medic  
  137  12:35  Marine  
  137  12:36  Marine  
  138  12:42  Marine x2  
  138  12:45  Marine  
  138  12:49  Marine x2  
  140  12:50  Medic  
  140  12:53  Marine x2  
  141  13:03  Marine x2  
  141  13:09  Vulture  
  141  13:15  Supply Depot  
  141  13:18  Supply Depot  
  141  13:19  Vulture  
  140  13:24  Marine x2  
  144  13:55  Command Center  
  144  13:57  Command Center  
  144  14:02  Marine  
  144  14:03  Marine x3  
  144  14:07  Marine x2  
  145  14:16  Marine x3  
  145  14:19  Marine x2  
  150  14:23  Marine  
  150  14:26  Marine  
  154  14:55  Engineering Bay  
  154  14:57  Armory  
  154  15:08  Factory Reactor  
  154  15:12  Marine x2  
  154  15:16  Marine  
  157  15:27  Marine  
  157  15:28  Marine  
  157  15:32  Marine x4  
  157  15:37  Marine  
  157  15:38  Marine  
  161  15:42  Marine x4  
  161  15:47  Marine  
  161  15:48  Marine  
  158  15:53  Marine x4  
  158  15:54  Barracks  
  158  15:56  Orbital Command x2  
  158  15:57  Marine  
  162  16:00  Barracks  
  162  16:07  Marine x6  
  166  16:17  Marine x5  
  166  16:18  Marine  
  164  16:28  Marine x6  
  165  16:30  Marine  
  165  16:37  Terran Infantry Weapons Level 2  
  165  16:38  Medic, Marine x5  
  170  16:40  Marine, Terran Infantry Armor Level 2  
  170  16:48  Medic, Marine  
  172  16:50  Marine x2  
  172  16:51  Medic, Marine x2  
  172  16:58  Marine x2  
  177  17:00  Marine  
  177  17:01  Marine  
  177  17:02  Barracks Reactor  
  177  17:03  Marine  
  177  17:05  Marine, Supply Depot  
  177  17:06  Marine  
  177  17:07  Supply Depot  
  183  17:19  Marine  
  183  17:20  Medic, Marine x3  
  189  17:33  Afterburners, Marine x2  
  189  17:34  Marine  
  192  17:49  Marine x4  
  192  17:50  Medic  
  192  17:54  SCV x2  
  195  18:23  Marine x2  
  195  18:24  Marine x2  
  195  18:38  Missile Turret  
  195  18:41  Missile Turret  
  195  18:43  Missile Turret  
  195  19:04  Missile Turret x2  
  195  19:08  Missile Turret  
  195  19:12  Missile Turret  
  195  19:15  Missile Turret  
  195  19:18  Missile Turret x2  
  195  19:19  Marine x3  
  195  19:20  Medic x2, Marine x2  
  195  19:21  Missile Turret  
  192  19:40  Terran Vehicle and Ship Weapons Level 1  
  192  19:48  Missile Turret  
  192  19:50  Terran Infantry Weapons Level 3  
  192  19:51  Missile Turret  
  192  19:52  Terran Infantry Armor Level 3, Missile Turret x2  
  192  19:53  Missile Turret x2  
  192  19:55  Marine x4, SCV, Missile Turret  
  192  19:56  SCV  
  192  19:59  Marine x2  
  198  20:01  Missile Turret  
  200  20:38  Marine  
  200  20:39  Marine  
  200  20:52  Missile Turret  
  200  20:55  Missile Turret  
  200  20:57  Missile Turret  
  200  21:01  Missile Turret  
  200  21:31  Missile Turret  
  200  21:32  Missile Turret  
  200  21:33  Missile Turret  
  200  21:34  Missile Turret  
  200  21:42  Missile Turret  
  200  21:44  Missile Turret  
  200  21:46  Missile Turret  
  200  21:47  Marine x3  
  200  21:49  Missile Turret  
  197  21:55  Marine x3  
  197  21:59  Marine x5  
  172  22:00  Marine  
  172  22:05  Marine x3  
  172  22:09  Medic  
  164  22:10  Medic  
  164  22:11  Marine x3  
  164  22:18  Missile Turret  
  158  22:22  Missile Turret x2  
  158  22:27  Marine x4  
  158  22:28  Medic x2, Marine x2  
  158  22:29  Marine  
  150  22:37  Marine x3  
  150  22:38  Marine x3  
  160  22:42  Marine x3  
  160  22:47  Marine x2  
  160  22:48  Medic, Marine x2  
  160  22:49  Medic  
  169  22:52  Marine x2  
  169  22:53  Marine  
  169  22:57  Marine  
  180  23:06  Marine x4  
  180  23:07  Marine  
  180  23:09  Marine  
  185  23:16  Marine  
  185  23:17  Medic, Marine x3  
  185  23:19  Marine  
  184  23:20  Medic, Marine x2  
  184  23:26  Marine  
  184  23:27  Marine x4  
  192  23:30  Marine  
  192  23:37  Marine x2  
  199  23:41  Marine  
  192  24:12  Marine x2  
Show
View Real Time Build Order
Export as new Build Order

LilArrin Protoss 

Build Orders:  

Get SALT Encoding   

Tags
 
Commander
FenixRaynor
Matchup
Co-op
Replay Pack
Co-op Speedrun
Add a new tag
Caveats
  • Supply blocks, unpowered buildings, or Contaminate may cause inaccurate times.
  • Supply counts are checked every 10 seconds.